 Dungeon Crawl Stone Soup version 0.23.2-1-ga50397a6bc (webtiles) character file.

Game seed: 14992545408880025823

847 Ethylacetat the Firebug (level 7, -4/46 HPs)
             Began as a Mummy Fire Elementalist on May 18, 2019.
             Slain by raetorn's ghost (14 damage)
             ... on level 5 of the Dungeon.
             The game lasted 00:12:25 (6186 turns).

Ethylacetat the Firebug (Mummy Fire Elementalist)   Turns: 6186, Time: 00:12:26

Health: -4/46      AC:  2    Str: 11    XL:     7   Next: 68%
Magic:  1/11       EV: 12    Int: 16    God:
Gold:   189        SH:  0    Dex: 13    Spells: 10/11 levels left

rFire    x . .     SeeInvis .   d - +0 club
rCold    + . .     Gourm    .   (no shield)
rNeg     + + +     Faith    +   a - +0 robe
rPois    ∞         Spirit   .   (no helmet)
rElec    .         Reflect  .   p - scarf {repulsion}
rCorr    .         Harm     .   (no gloves)
MR       +....                  (no boots)
Stlth    ++........             o - amulet of faith
HPRegen  0.15/turn              g - ring of protection from magic
MPRegen  0.12/turn              (no ring)

@: very slightly contaminated, repel missiles
A: no food or potions, fire vulnerability, cold resistance 1, negative energy
resistance 3, torment resistance, unbreathing
a: no special abilities


You were on level 5 of the Dungeon.
You were not hungry.

You visited 2 branches of the dungeon, and saw 6 of its levels.

You collected 189 gold pieces.

Inventory:

Hand Weapons
 d - a +0 club (weapon)
Armour
 a - a +0 robe (worn)
 p - a scarf of repulsion (worn)
Jewellery
 g - a ring of protection from magic (left hand)
 o - an amulet of faith (around neck)
Scrolls
 b - 2 scrolls of immolation {unknown}
 c - 2 scrolls of magic mapping {unknown}
 e - 4 scrolls of fog {unknown}
 f - a scroll of fear {unknown}
 h - a scroll of noise {unknown}
 i - 2 scrolls of remove curse {unknown}
 j - a scroll of enchant weapon {unknown}
 k - 2 scrolls of teleportation {unknown}
 l - 5 scrolls of identify {unknown}
 m - a scroll of amnesia {unknown}
 n - a scroll of blinking {unknown}


   Skills:
 - Level 1.5 Dodging
 - Level 1.5 Stealth
 - Level 2.6 Spellcasting
 + Level 5.1 Conjurations
 + Level 5.7 Fire Magic


You had 10 spell levels left.
You knew the following spells:

 Your Spells              Type           Power        Failure   Level  Hunger
a - Flame Tongue          Conj/Fire      ###..        2%          1    N/A

Your spell library contained the following spells:

 Spells                   Type           Power        Failure   Level  Hunger
 Throw Flame              Conj/Fire      ###...       3%          2    N/A
 Conjure Flame            Conj/Fire      ###.....     6%          3    N/A
 Inner Flame              Hex/Fire       ##......     19%         3    N/A
 Sticky Flame             Conj/Fire      ###.....     22%         4    N/A
 Fireball                 Conj/Fire      ###.......   52%         5    N/A

Dungeon Overview and Level Annotations

Branches:
Dungeon (5/15)             Temple (1/1) D:4

Altars:
Ashenzari
Elyvilon
Fedhas
Gozag
Kikubaaqudgha
Makhleb
Okawaru
Qazlal
Ru
Sif Muna
Uskayaw
Wu Jian
Xom
Yredelemnul

Annotations:
D:5 raetorn's ghost, novice VSFi


Innate Abilities, Weirdness & Mutations

You do not eat or drink.
Your flesh is vulnerable to fire.
You are immune to poison.
Your flesh is cold resistant. (rC+)
You are immune to negative energy. (rN+++)
You are immune to unholy pain and torment.
You can survive without breathing.


Message History

Raetorn's ghost is engulfed in a cloud of scalding steam.
Raetorn's ghost hits you!
* * * LOW HITPOINT WARNING * * *
Casting: Flame Tongue (safe; 2% risk of failure)
Confirm with . or Enter, or press ? or * to list all spells.
Aiming: Flame Tongue (safe; 2% risk of failure)
Press: ? - help, Shift-Dir - straight line, f/p - raetorn's ghost
Aim: raetorn's ghost, wielding a weapon of protection (steam, moderately damaged)
The flame tongue hits raetorn's ghost.
Raetorn's ghost is heavily damaged.
Raetorn's ghost is engulfed in a cloud of scalding steam.
Raetorn's ghost hits you.
* * * LOW HITPOINT WARNING * * *
The rat barely misses you.
There is an open door here.
Things that are here:
a cursed +0 shortbow; 17 arrows
There is a stone staircase leading up here.
Raetorn's ghost hits you!
You die...

....#.......#≈≈≈# ..
....#.......#≈≈≈# !#
.!..#.......#≈≈≈# ..#
....#.......#≈≈≈#....#
....#.......##'##....#
#...##.....((..(.....#
#...##...)..##)####..# ###
....#.......##.W###..###.########
...)#..........<@.....#..........
....+.................#.........
....#...............<.'.........
##..##......##..##....##...##..
##..##......######....##...#
#...............###+####...##
+....(.................#....#
#.......<...##..##.....'....#
######......######....##...##


You could see raetorn's ghost.

Vanquished Creatures
  Duvessa (D:5)
  2 ogres (D:4)
  A centaur (D:5)
  A bullfrog (D:5)
  Dowan (D:5)
  A scorpion (D:3)
  A howler monkey (D:4)
  A hound (D:3)
  An orc priest (D:4)
  2 worker ants
  A hound zombie (D:5)
  6 adders
  A river rat (D:5)
  An ooze (D:2)
  An adder skeleton (D:4)
  2 worms (D:3)
  2 dart slugs
  5 leopard geckos
  9 orcs
  7 bats
  3 giant cockroaches
  5 hobgoblins
  4 jackals (D:1)
  7 kobolds
  3 quokkas
  2 ball pythons
  5 frilled lizards
  8 goblins
  A jackal skeleton (D:5)
  A jackal zombie (D:5)
  A leopard gecko skeleton (D:4)
  A quokka skeleton (D:4)
  8 rats
96 creatures vanquished.

Vanquished Creatures (others)
  A giant cockroach (D:3)
1 creature vanquished.

Grand Total: 97 creatures vanquished

Notes
Turn   | Place    | Note
-------+----------+-------------------------------------------
     0 | D:1      | Ethylacetat the Mummy Fire Elementalist began the quest for
                  | the Orb.
     0 | D:1      | Reached XP level 1. HP: 13/13 MP: 4/4
    59 | D:1      | Reached skill level 1 in Conjurations
   286 | D:1      | Reached XP level 2. HP: 15/19 MP: 3/5
   649 | D:1      | Reached XP level 3. HP: 13/24 MP: 1/7
  1486 | D:2      | HP: 1/24 [leopard gecko (3)]
  2210 | D:3      | Reached XP level 4. HP: 30/30 MP: 6/8
  2816 | D:3      | Found a white marble altar of Elyvilon.
  3442 | D:4      | Noticed an ogre
  3450 | D:4      | Killed an ogre
  3450 | D:4      | Reached XP level 5. HP: 21/35 MP: 0/9
  3839 | D:3      | Reached XP level 6. HP: 11/41 MP: 4/10
  4084 | D:4      | Found a shattered altar of Ashenzari.
  4859 | D:4      | Found a staircase to the Ecumenical Temple.
  4888 | Temple   | Entered the Ecumenical Temple
  5633 | D:5      | Entered Level 5 of the Dungeon
  5648 | D:5      | Reached skill level 5 in Fire Magic
  5674 | D:5      | Reached XP level 7. HP: 46/46 MP: 5/11
  5773 | D:5      | Noticed Duvessa
  5774 | D:5      | Noticed Dowan
  5794 | D:5      | Killed Duvessa
  6059 | D:5      | Found a runed translucent door.
  6060 | D:5      | Killed Dowan
  6067 | D:5      | Noticed raetorn's ghost (novice VSFi)
  6171 | D:5      | Reached skill level 5 in Conjurations
  6186 | D:5      | Slain by raetorn's ghost

Skill      XL: |  1  2  3  4  5  6  7 |
---------------+----------------------+-----
Conjurations   | 1 2 3 4 5 |  5.1
Fire Magic     | 3 4 5 |  5.7
Dodging        | |  1.5
Stealth        | |  1.5
Spellcasting   | |  2.6

Action                   |  1- 3 |  4- 6 |  7- 9 || total
-------------------------+-------+-------+-------++-------
Melee: Club              |    41 |    12 |       ||    53
       Unarmed           |     3 |       |       ||     3
 Cast: Flame Tongue      |    59 |   134 |    36 ||   229
Armor: Robe              |    12 |    10 |     4 ||    26
Dodge: Dodged            |    73 |    52 |    14 ||   139
       Deflected         |       |       |     3 ||     3
